 Dungeon Crawl Stone Soup version 0.24.1-11-gbbbb2193e6 (webtiles) character file.

Game seed: 6517111499817504031, levelgen mode: deterministic

37 Gruesph the Sneak (level 3, -13/14 HPs)
             Began as a Felid Conjurer on May 13, 2020.
             Killed from afar by Ijyb (18 damage)
             ... with an iceblast
             ... on level 3 of the Dungeon.
             The game lasted 00:07:38 (3075 turns).

Gruesph the Sneak (Felid Conjurer)                  Turns: 3075, Time: 00:07:39

Health: -13/14     AC:  1    Str:  4    XL:     3   Next: 21%
Magic:  6/7        EV: 18    Int: 17    God:
Gold:   154        SH:  0    Dex: 16    Spells: 3/6 levels left
                                        Lives:  0   Deaths: 1

rFire    . . .     SeeInvis +     - Unarmed
rCold    . . .     Gourm    .   (shield unavailable)
rNeg     . . .     Faith    .   (armour unavailable)
rPois    .         Spirit   .   (helmet unavailable)
rElec    .         Reflect  .   (cloak unavailable)
rCorr    .         Harm     .   (gloves unavailable)
MR       .....                  (boots unavailable)
Stlth    +++.......             (no amulet)
HPRegen  0.04/turn              (no ring)
MPRegen  0.10/turn              (no ring)

@: quick
A: very small, no armour, no weapons or thrown items, stealth, claws 1, fangs 3,
see invisible, carnivore, speed 1, shaggy fur 1, slow metabolism 1, sharp paws
a: no special abilities


You were on level 3 of the Dungeon.
You were not hungry.

You visited 1 branch of the dungeon, and saw 3 of its levels.

You collected 154 gold pieces.

Inventory:

Jewellery
 m - a +4 ring of evasion {unknown}
Scrolls
 a - 4 scrolls of remove curse {unknown}
 c - 2 scrolls of identify {unknown}
 d - 3 scrolls of teleportation {unknown}
 h - a scroll of fear {unknown}
 k - a scroll of magic mapping {unknown}
Potions
 b - 2 potions of heal wounds {unknown}
 e - 3 potions of lignification {unknown}
 g - a potion of haste {unknown}
 i - a potion of might {unknown}
 j - a potion of berserk rage {unknown}
 l - a potion of curing {unknown}
Comestibles
 f - 2 rations


   Skills:
 - Level 2.6 Dodging
 + Level 4.6 Stealth
 + Level 1.2 Unarmed Combat
 - Level 2.0 Spellcasting
 + Level 4.4 Conjurations


You had 3 spell levels left.
You knew the following spells:

 Your Spells              Type           Power        Failure   Level  Hunger
a - Magic Dart            Conj           ###.         3%          1    #......
b - Searing Ray           Conj           ###...       4%          2    ###....

Your spell library contained the following spells:

 Spells                   Type           Power        Failure   Level  Hunger
 Dazzling Spray           Conj/Hex       #.....       24%         3    ###....
 Iskenderun's Mystic Bla  Conj           ###.....     32%         4    #####..
 Force Lance              Conj/Tloc      #.......     61%         4    #####..
 Fulminant Prism          Conj/Hex       #.........   61%         4    #####..


Dungeon Overview and Level Annotations

Branches:
Dungeon (3/15)

Altars:
Wu Jian

Annotations:
D:2 exclusion: hobgoblin, Sigmund
D:3 Ijyb


Innate Abilities, Weirdness & Mutations

You cannot wear armour.
You are incapable of wielding weapons or throwing items.
Your paws allow you to move quietly. (Stealth)
You have sharp claws.
You have razor-sharp teeth.
You have supernaturally acute eyesight. (SInv)
You are carnivorous and can eat meat at any time.
You cover ground quickly.
You are covered in fur. (AC +1)
You have a slow metabolism.
Your sharp claws are effective at attacking unaware monsters.


Message History

This raw flesh tastes great.
f - 2 rations (gained 1)
You see here 21 arrows.
j - a bubbling coppery potion Ijyb is too close now for your liking.
You see here the felid corpse of Gruesph.
Ijyb is nearby!
Casting: Magic Dart (safe; 3% risk of failure)
Confirm with . or Enter, or press ? or * to list all spells.
Aiming: Magic Dart (safe; 3% risk of failure)
Press: ? - help, Shift-Dir - straight line, f/p - Ijyb
Aim: Ijyb, wearing a +0 leather armour and carrying a wand of iceblast (4)
The magic dart hits Ijyb but does no damage.
Ijyb screams, "Get away!"
Ijyb zaps a wand.
The mass of ice explodes!
The iceblast engulfs you!
Ouch! That really hurt!
You hear an angry hiss.
Ijyb zaps a wand.
The mass of ice explodes!
The iceblast engulfs you!!
Ouch! That really hurt!
You die...

...# #.####....##.### ...#
... #..###..# ...##.#
#..###.## #.# ......#
##..##..#####.....
....#######......##.....#
.............##....†#####
...#####...#........#####
...# #.####.............
#..#####.###..#.@####....#
##.#.....##........# ###..
##...####.....g....# #
...#.####.#........#
##........#........#
#........#........#
#........#........#
#........#........#
#........#........#


You could see Ijyb.

Vanquished Creatures
  An adder (D:2)
  2 oozes (D:1)
  2 worms (D:3)
  A dart slug (D:3)
  A leopard gecko (D:2)
  7 bats
  5 giant cockroaches
  4 goblins
  6 hobgoblins
  7 jackals
  5 kobolds
  2 quokkas
  3 frilled lizards
  7 rats
53 creatures vanquished.

Notes
Turn   | Place    | Note
-------+----------+-------------------------------------------
     0 | D:1      | Gruesph the Felid Conjurer began the quest for the Orb.
     0 | D:1      | Reached XP level 1. HP: 7/7 MP: 4/4
   188 | D:1      | Reached XP level 2. HP: 5/11 MP: 6/6
   490 | D:1      | Learned a level 2 spell: Searing Ray
   855 | D:1      | Reached XP level 3. HP: 14/14 MP: 2/7
  1833 | D:2      | Found an ornate altar of the Wu Jian Council.
  2312 | D:2      | Noticed Sigmund
  2532 | D:3      | Reached skill level 1 in Unarmed Combat
  2545 | D:3      | Reached XP level 4. HP: 18/18 MP: 1/8
  3029 | D:3      | Noticed Ijyb
  3033 | D:3      | Killed from afar by Ijyb
  3034 | D:3      | Reached XP level 3. HP: -3/14 MP: 4/7
  3075 | D:3      | Killed from afar by Ijyb

Levels and vault maps discovered:
D:1:      dpeg_arrival_pits, layout_basic
D:2:      layout_basic, nicolae_overflow_hidden_temple,
          lemuel_coloured_pillars_altar, uniq_sigmund
D:3:      layout_rooms, uniq_ijyb

Skill      XL: |  1  2  3 |
---------------+----------+-----
Stealth        | 3 4 |  4.6
Conjurations   | 4 |  4.4
Unarmed Combat | 1 |  1.2
Dodging        | |  2.6
Spellcasting   | |  2.0

Action                   |  1- 3 |  4- 6 || total
-------------------------+-------+-------++-------
Melee: Unarmed           |    48 |     7 ||    55
       Bite              |     5 |       ||     5
 Cast: Magic Dart        |    77 |    25 ||   102
 Stab: Sleeping          |     2 |       ||     2
  Eat: Chunk             |    13 |     1 ||    14
Armor: Skin              |     5 |       ||     5
Dodge: Dodged            |    57 |     2 ||    59
